Map: Deathaura LE

Players

LiquidMaNa (MaNa) - Winner!

  • Race: Protoss Protoss
  • League: Grandmaster
  • Spawn Location: 11:00

MarineLorD

  • Race: Terran Terran
  • League: Master
  • Spawn Location: 5:00

Event: DreamHack SC2 Masters 2020 Fall

VOD

Have the link to the VOD?

Description

Time

  • Played on: Sept. 10, 2020, 11:11 a.m.
  • Length: 10:57

All games in this series

Show
View Real Time Build Order
Export as new Build Order

LiquidMaNa Protoss - Winner!

Build Orders: 1 Gate Expand, Phoenix Opening 

Get SALT Encoding   

  12  0:00  Probe  
  13  0:12  Probe  
  14  0:17  Pylon  
  14  0:24  Probe (Chrono Boost)  
  15  0:36  Gateway, Probe (Chrono Boost)  
  16  0:44  Probe (Chrono Boost)  
  16  0:45  Assimilator  
  17  0:51  Probe  
  18  1:03  Probe  
  19  1:15  Probe  
  20  1:24  Cybernetics Core  
  20  1:30  Probe  
  21  1:36  Nexus  
  21  1:41  Pylon  
  21  1:50  Assimilator, Probe  
  22  1:58  Adept (Chrono Boost)  
  24  2:03  Probe  
  25  2:15  Probe  
  26  2:22  Stargate  
  26  2:28  Stalker (Chrono Boost)  
  26  2:31  Shield Battery  
  26  2:32  Probe  
  24  2:44  Probe  
  24  2:50  Stalker  
  24  2:56  Probe  
  22  3:08  Probe x2  
  23  3:20  Probe x2  
  24  3:27  Phoenix  
  24  3:33  Probe  
  27  3:36  Probe  
  27  3:39  Warp Gate  
  28  3:45  Probe (Chrono Boost)  
  29  3:53  Probe (Chrono Boost)  
  31  3:57  Probe (Chrono Boost)  
  32  4:03  Probe (Chrono Boost)  
  32  4:04  Phoenix  
  32  4:05  Probe (Chrono Boost)  
  35  4:13  Probe  
  37  4:17  Probe  
  37  4:25  Probe  
  37  4:29  Phoenix, Probe  
  41  4:35  Pylon  
  41  4:37  Probe  
  42  4:41  Probe  
  43  4:49  Probe (Chrono Boost)  
  43  4:52  Robotics Facility  
  44  4:53  Probe (Chrono Boost)  
  45  5:01  Probe (Chrono Boost)  
  45  5:05  Probe (Chrono Boost)  
  47  5:08  Probe (Chrono Boost)  
  47  5:09  Phoenix  
  47  5:10  Probe (Chrono Boost)  
  51  5:21  Probe  
  52  5:22  Probe  
  53  5:33  Probe  
  54  5:44  Nexus  
  54  5:48  Robotics Bay  
  54  5:50  Pylon  
  54  5:52  Assimilator  
  54  5:53  Assimilator  
  54  5:54  Pylon  
  54  6:08  Phoenix, Pylon, Immortal (Chrono Boost), Probe x2  
  54  6:09  Pylon  
  62  6:20  Probe x2  
  62  6:21  Sentry  
  62  6:25  Gateway  
  66  6:27  Gateway  
  66  6:32  Probe x2  
  68  6:44  Probe x2, Colossus (Chrono Boost)  
  68  6:45  Shield Battery  
  76  6:49  Extended Thermal Lance (Chrono Boost)  
  76  6:52  Forge  
  76  6:56  Probe x3  
  76  6:57  Zealot  
  82  7:08  Probe x3  
  82  7:13  Pylon  
  82  7:14  Pylon  
  84  7:20  Probe x3  
  84  7:22  Sentry, Colossus (Chrono Boost)  
  89  7:24  Zealot  
  89  7:26  Zealot  
  99  7:30  Pylon  
  99  7:32  Protoss Ground Weapons Level 1, Probe  
  99  7:33  Probe  
  101  7:40  Pylon  
  101  7:46  Stalker x3  
  107  7:51  Shield Battery  
  107  7:54  Probe x2  
  109  8:08  Colossus (Chrono Boost)  
  115  8:13  Zealot x3  
  115  8:16  Twilight Council  
  115  8:19  Pylon  
  121  8:22  Pylon  
  121  8:23  Pylon, Probe x2  
  121  8:30  Pylon  
  121  8:34  Stalker x3  
  127  8:44  Immortal (Chrono Boost)  
  131  8:54  Charge (Chrono Boost)  
  131  8:56  Gateway  
  131  8:57  Gateway  
  131  9:00  Gateway  
  131  9:03  Zealot x3  
  137  9:16  Probe  
  112  9:27  Stalker x3  
  112  9:28  Probe  
  112  9:29  Probe  
  112  9:30  Probe  
  109  9:40  Probe  
  109  9:41  Probe  
  109  9:43  Probe  
  109  9:45  Nexus  
  112  9:47  Gateway  
  112  9:49  Pylon  
  112  9:50  Warp Prism, Gateway  
  112  9:52  Zealot x5  
  124  9:56  Zealot  
  126  10:01  Assimilator  
  126  10:05  Forge, Assimilator  
  126  10:14  Stalker x2  
  126  10:16  Shield Battery  
  126  10:17  Probe  
  126  10:18  Photon Cannon, Probe  
  126  10:19  Pylon  
  126  10:20  Sentry x4  
  140  10:23  Probe  
  141  10:35  Probe  
  136  10:45  Stalker x5  
  136  10:46  Zealot x2  
  136  10:52  Zealot  
Show
View Real Time Build Order
Export as new Build Order

MarineLorD Terran 

Build Orders:  

Get SALT Encoding   

  12  0:00  SCV  
  13  0:12  SCV  
  14  0:18  Supply Depot  
  14  0:24  SCV  
  15  0:39  SCV  
  15  0:40  Barracks  
  16  0:46  Refinery  
  16  0:51  SCV  
  16  0:56  Refinery  
  17  1:03  SCV  
  18  1:16  SCV  
  19  1:29  Orbital Command  
  19  1:34  Ghost Academy  
  19  1:41  Barracks Tech Lab  
  19  1:45  Supply Depot  
  19  2:03  Ghost  
  19  2:04  SCV  
  22  2:12  Factory  
  22  2:16  SCV  
  23  2:28  SCV, Supply Depot  
  24  2:40  SCV  
  25  2:44  Ghost  
  27  2:52  SCV  
  27  2:56  Factory Tech Lab  
  26  3:04  SCV  
  27  3:13  Command Center  
  27  3:17  SCV  
  28  3:25  Cyclone  
  29  3:31  Starport  
  29  3:32  SCV  
  30  3:45  SCV  
  31  3:54  Barracks  
  31  3:57  Siege Tank, SCV  
  35  4:07  Viking  
  35  4:09  SCV  
  38  4:22  Barracks  
  38  4:23  Barracks  
  38  4:26  Orbital Command  
  38  4:31  SCV  
  39  4:35  Siege Tank  
  42  4:39  Starport Tech Lab  
  42  4:43  Barracks Reactor  
  42  4:45  SCV  
  42  4:46  Orbital Command  
  43  4:58  SCV  
  44  5:10  SCV  
  44  5:11  Viking  
  47  5:19  SCV  
  47  5:21  Marine x2  
  46  5:22  Marine x2  
  46  5:23  Siege Tank  
  46  5:27  SCV  
  53  5:35  Supply Depot  
  51  5:38  Marine  
  51  5:39  SCV  
  54  5:45  Marine  
  54  5:47  Supply Depot  
  54  5:52  Stimpack  
  54  5:56  Marine x2  
  54  5:57  SCV  
  58  6:00  SCV  
  58  6:02  Factory Tech Lab  
  58  6:03  Marine  
  56  6:09  Engineering Bay, Refinery, SCV  
  56  6:11  Starport Reactor  
  57  6:14  SCV, Marine  
  57  6:15  Marine  
  57  6:16  Marine  
  59  6:20  Combat Shield  
  59  6:23  Marine  
  60  6:26  SCV  
  60  6:32  Siege Tank, Marine  
  65  6:33  Marine  
  65  6:37  Refinery, SCV, Supply Depot  
  65  6:38  SCV  
  68  6:40  Marine  
  68  6:45  Terran Infantry Weapons Level 1  
  69  6:49  SCV  
  69  6:50  SCV  
  70  6:57  Supply Depot  
  70  6:58  Marine x2  
  70  6:59  Marauder, Supply Depot  
  74  7:01  SCV  
  74  7:02  SCV  
  74  7:03  Marauder  
  78  7:15  Supply Depot  
  78  7:16  Supply Depot  
  78  7:18  Siege Tank  
  78  7:21  SCV x2  
  83  7:23  Marine  
  83  7:24  Marauder, Marine  
  83  7:25  Marauder  
  89  7:30  Supply Depot  
  89  7:35  Medivac x2  
  93  7:39  Concussive Shells  
  93  7:42  Missile Turret  
  93  7:43  SCV x2  
  92  7:48  Marauder x2  
  92  7:50  Marine x2  
  98  7:55  SCV, Supply Depot  
  99  8:00  Siege Tank  
  102  8:07  Medivac  
  101  8:18  Marauder x2, Marine x2  
  107  8:22  Command Center  
  104  8:38  Siege Tank  
  104  8:39  SCV  
  104  8:40  Terran Infantry Armor Level 1, SCV  
  109  8:52  Marauder, Marine x2  
  109  8:53  Marauder  
  109  8:54  Medivac x2  
  119  9:02  Missile Turret  
  113  9:12  Marine  
  113  9:13  Marine  
  113  9:14  Marauder  
  94  9:24  SCV  
  94  9:28  Marauder  
  94  9:30  Siege Tank  
  89  9:32  SCV  
  89  9:36  SCV  
  85  9:39  Marine x2  
  85  9:40  Marauder  
  85  9:45  Medivac x2  
  89  9:46  Orbital Command  
  89  9:48  SCV x2  
  89  9:50  Marauder  
  91  10:00  SCV  
  91  10:01  Marauder  
  91  10:02  Siege Tank  
  97  10:08  SCV  
  97  10:09  Barracks  
  97  10:11  Barracks, Marine  
  97  10:12  SCV, Marine  
  97  10:13  SCV  
  102  10:18  Marauder  
  102  10:21  SCV  
  105  10:24  SCV  
  105  10:25  Armory  
  105  10:26  Engineering Bay, SCV  
  107  10:33  SCV  
  101  10:36  SCV  

Tags
 
Add a new tag
Caveats
  • Supply blocks, unpowered buildings, or Contaminate may cause inaccurate times.
  • Supply counts are checked every 10 seconds.